 Dungeon Crawl Stone Soup version 0.27.1-34-g3ba077fa99 (webtiles) character file.

Game seed: 17233810194099401005

8124 Mitsuki the Arsonist (level 11, -8/54 HPs)
             Began as a Deep Elf Conjurer on Jan 12, 2022.
             Was a Priest of Vehumet.
             Mangled by a vault guard (18 damage)
             ... on level 11 of the Dungeon.
             The game lasted 00:43:46 (14406 turns).

Mitsuki the Arsonist (Deep Elf Conjurer)           Turns: 14406, Time: 00:43:47

Health: -8/54      AC:  8    Str: 12    XL:     11   Next: 5%
Magic:  16/27      EV: 28    Int: 32    God:    Vehumet [***...]
Gold:   1148       SH:  0    Dex: 11    Spells: 15/30 levels left

rFire    + . .     SeeInvis +   b - staff of fire
rCold    . . .     Faith    .   (no shield)
rNeg     . . .     Spirit   .   B - +1 steam dragon scales
rPois    .         Reflect  .   D - +2 hat
rElec    +         Harm     .   (no cloak)
rCorr    .         Rampage  .   (no gloves)
Will     +....                  (no boots)
Stlth    ++........             C - amulet of the acrobat
HPRegen  0.18/turn              J - ring of see invisible
MPRegen  0.20/turn              L - ring "Wociy" {rElec Str+7 Int+6 Dex-2 Slay+2}

@: acrobatic
A: no striking features
a: Renounce Religion


You were on level 11 of the Dungeon.
You worshipped Vehumet.
Vehumet was most pleased with you.
You visited 3 branches of the dungeon, and saw 13 of its levels.

You collected 1313 gold pieces.
You spent 165 gold pieces at shops.

Inventory:

Missiles
 A - a curare-tipped dart
Armour
 B - +1 steam dragon scales (worn)
 D - a +2 hat (worn)
Magical Staves
 b - a staff of fire (weapon)
Jewellery
 C - an amulet of the acrobat (around neck)
 J - a ring of see invisible (left hand)
 L - the ring "Wociy" (right hand) {rElec Str+7 Int+6 Dex-2 Slay+2}
   (You found it on level 10 of the Dungeon)

   [ring of intelligence]

   Str:       It affects your strength (+7).
   Int:       It affects your intelligence (+6).
   Dex:       It affects your dexterity (-2).
   Slay:      It affects your accuracy & damage with ranged weapons and melee
   (+2).
   rElec:     It insulates you from electricity.
Wands
 v - a wand of paralysis (9)
 E - a wand of iceblast (11)
 G - a wand of mindburst (17)
Scrolls
 a - a scroll of holy word {unknown}
 d - 3 scrolls of brand weapon {unknown}
 f - 3 scrolls of teleportation {unknown}
 g - a scroll of noise {unknown}
 h - 4 scrolls of enchant weapon {unknown}
 j - 3 scrolls of magic mapping
 l - a scroll of immolation
 n - a scroll of enchant armour
 r - a scroll of blinking
Potions
 e - 2 potions of invisibility
 k - a potion of flight
 o - a potion of curing
 s - a potion of cancellation
 x - 2 potions of brilliance
 z - a potion of heal wounds
 H - a potion of haste


   Skills:
 - Level 5.0 Dodging
 - Level 2.4 Stealth
 + Level 10.1 Spellcasting
 * Level 11.0 Conjurations
 - Level 5.0 Translocations
 * Level 11.6 Fire Magic


You had 15 spell levels left.
You knew the following spells:

 Your Spells              Type           Power      Damage    Failure   Level
a - Magic Dart            Conj           100%       1d8       1%          1
b - Searing Ray           Conj           100%       3d7       1%          2
c - Starburst             Conj/Fire      46%        6d13      1%          6
e - Teleport Other        Tloc           48%        N/A       1%          3
f - Inner Flame           Hex/Fire       69%        N/A       1%          3

Your spell library contained the following spells:

 Spells                   Type           Power      Damage    Failure   Level
 Poisonous Vapours        Pois/Air       32%        N/A       1%          2
 Dazzling Flash           Conj/Hex       100%       N/A       1%          3
 Gell's Gravitas          Tloc           24%        N/A       1%          3
 Lesser Beckoning         Tloc           24%        N/A       1%          3
 Fulminant Prism          Conj/Hex       25%        3d14      1%          4
 Hailstorm                Conj/Ice       51%        3d11      1%          4
 Iskenderun's Mystic Bla  Conj/Tloc      61%        2d13      1%          4
 Sticky Flame             Conj/Fire      93%        2d10      1%          4
 Sting                    Tmut/Pois      64%        1d6       3%          1
 Ensorcelled Hibernation  Hex/Ice        32%        N/A       4%          2
 Spider Form              Tmut/Pois      8%         N/A       9%          3
 Olgreb's Toxic Radiance  Pois           16%        N/A       9%          4
 Ice Form                 Ice/Tmut       16%        N/A       30%         4
 Dispersal                Tloc           24%        N/A       52%         6
 Shadow Creatures         Summ           N/A        N/A       99%         6
 Simulacrum               Ice/Necr       8%         N/A       99%         6
 Fire Storm               Conj/Fire      46%        8d12      99%         9
 Malign Gateway           Summ/Tloc      16%        N/A       100%        7
 Summon Horrible Things   Summ           8%         N/A       100%        8
 Chain Lightning          Conj/Air       25%        3d34      100%        9


Dungeon Overview and Level Annotations

Branches:
Dungeon (11/15)            Temple (1/1) D:4            Lair (1/6) D:9
    Orc (0/2) D:11

Altars:
Ashenzari
Cheibriados
Dithmenos
Elyvilon
Fedhas
Gozag
Hepliaklqana
Kikubaaqudgha
Makhleb
Nemelex Xobeh
Okawaru
Qazlal
Ru
Sif Muna
Trog
Uskayaw
Vehumet
Wu Jian
Xom
Yredelemnul
Zin
The Shining One

Shops:
D:3 =   D:4 !

Annotations:
D:6 1 exclusion
D:8 3 runed translucent doors, Brozuf's ghost, novice MfMo; Maurice
D:10 3 runed translucent doors, Tali's ghost, journeyman DsBe


Message History

You start resting.
A vault guard opens the door.
It is wielding a +0 great sword.
Casting: Searing Ray (safe; 1% risk of failure)
Confirm with . or Enter, or press ? or * to list all spells.
Aiming: Searing Ray (safe; 1% risk of failure)
Press: ? - help, Shift-Dir - straight line, f - vault guard
Aim: a vault guard, wielding a +0 great sword and wearing a +0 chain mail (black smoke, 81% to hit)
The searing ray hits the vault guard!
The vault guard is lightly wounded. (Press . to maintain the ray.)
You now have 22/27 mp.
The searing ray hits the vault guard.
The vault guard is lightly wounded.
The vault guard completely misses you.
You now have 21/27 mp.
The searing ray hits the vault guard!
The vault guard is moderately wounded.
The vault guard barely misses you.
You now have 20/27 mp.
The searing ray hits the vault guard.
The vault guard is moderately wounded.
You finish channeling your searing ray.
The vault guard hits you with a +0 great sword!
You take 13 damage, and have 28/54 hp.
MASSIVE DAMAGE!!
Casting: Searing Ray (safe; 1% risk of failure)
Confirm with . or Enter, or press ? or * to list all spells.
Aiming: Searing Ray (safe; 1% risk of failure)
Press: ? - help, Shift-Dir - straight line, f/p - vault guard
Aim: a vault guard, wielding a +0 great sword and wearing a +0 chain mail (moderately wounded, 81% to hit)
The searing ray misses the vault guard. (Press . to maintain the ray.)
The vault guard hits you with a +0 great sword!!
* * * LOW HITPOINT WARNING * * *
You take 18 damage, and have 10/54 hp.
MASSIVE DAMAGE!!
You now have 18/27 mp.
The searing ray misses the vault guard.
The vault guard misses you.
You now have 17/27 mp.
The searing ray hits the vault guard!
The vault guard is heavily wounded.
The vault guard hits you with a +0 great sword!!
You die...

*****,,,..#...#....#...#...,,,,*
**,**,,,*...#.........§.....,,,**
*,,,,,,,,...#.......*§.....#,***
**,,,,,,,..#...#.#.##§§...#,,,*
***,,,,,..........§§§§...#,,**
****,,..........§§§§.....,*
*,,........##########.**
**,.###.#..#≈.≈#,,,***,**
****#....@p...+,∩,*,,,,*
#......#≈.§#,,,*,*,**
##.....#*###****,,** ***
##.....,,,,,***,,,* **,**
*##....,,,,,,**,,** *,,,*
**,......,,,,,,,,,,** **,**
*,.......,,,,,,,,,,,*
**,*****.........,,,,,,,,,**
***,,,*,,,,,,,,,,,,,,,,**,***


You could see a vault guard.

Vanquished Creatures
  A two-headed ogre (D:9)
  3 komodo dragons (Lair:1)
  2 trolls (D:10)
  4 wyverns
  2 shadows (D:10)
  Sigmund (D:2)
  A wraith (D:10)
  3 steam dragons
  Duvessa (D:7)
  An acid dragon (D:11)
  A water moccasin (D:5)
  3 orc warriors
  2 black bears
  A hornet zombie (D:8)
  4 ogres
  4 centaurs
  4 wolves (Lair:1)
  3 kobold brigands
  A phantom (D:5)
  8 bullfrogs
  A gnoll sergeant (D:9)
  5 scorpions
  A water moccasin skeleton (D:7)
  Dowan (D:7)
  10 killer bees (D:9)
  A centaur zombie (D:5)
  A bullfrog zombie (D:6)
  4 hounds
  A gnoll shaman (D:4)
  5 orc priests
  2 centaur skeletons
  3 bullfrog skeletons (D:5)
  Ijyb (D:3)
  Terence (D:2)
  4 iguanas
  3 orc wizards
  A scorpion zombie (D:5)
  9 gnolls
  13 adders
  2 white imps
  3 adder skeletons (D:4)
  3 worms
  4 dart slugs
  45 orcs
  6 endoplasms
  5 giant cockroaches
  6 goblins
  5 hobgoblins
  3 jackals
  22 kobolds
  7 quokkas
  4 ball pythons
  8 frilled lizards
  5 rats
245 creatures vanquished.

Vanquished Creatures (others)
  An adder (D:6)
  17 fungi (D:9)
  18 plants
36 creatures vanquished.

Grand Total: 281 creatures vanquished

Notes
Turn   | Place    | Note
-------+----------+-------------------------------------------
     0 | D:1      | Mitsuki the Deep Elf Conjurer began the quest for the Orb.
     0 | D:1      | Reached XP level 1. HP: 10/10 MP: 6/6
   265 | D:1      | Reached XP level 2. HP: 15/15 MP: 5/8
   882 | D:1      | Learned a level 2 spell: Searing Ray
   923 | D:2      | Noticed an ogre
   929 | D:2      | Killed an ogre
   930 | D:2      | Reached skill level 5 in Conjurations
   930 | D:2      | Reached XP level 3. HP: 19/19 MP: 1/10
   930 | D:2      | Reached XP level 4. HP: 24/24 MP: 1/12
  1508 | D:2      | Noticed Sigmund
  1512 | D:2      | Killed Sigmund
  1513 | D:2      | Reached XP level 5. HP: 25/28 MP: 8/14
  1513 | D:2      | Reached XP level 6. HP: 28/32 MP: 8/15
  1623 | D:2      | Noticed Terence
  1631 | D:2      | Killed Terence
  1632 | D:2      | Reached skill level 5 in Spellcasting
  2147 | D:3      | Got the Catalogue of Unstable Ignition
  2155 | D:3      | Learned a level 6 spell: Starburst
  2159 | D:3      | Learned a level 3 spell: Lesser Beckoning
  2553 | D:3      | Reached skill level 1 in Fire Magic
  2895 | D:3      | Found a stormy altar of Qazlal.
  3011 | D:3      | Noticed Ijyb
  3014 | D:3      | Killed Ijyb
  3148 | D:3      | Found a basalt altar of Yredelemnul.
  3148 | D:3      | Found an iron altar of Okawaru.
  3253 | D:3      | Found Waoxzosi's Jewellery Emporium.
  3448 | D:4      | Found a staircase to the Ecumenical Temple.
  3463 | Temple   | Entered the Ecumenical Temple
  3616 | D:4      | Reached skill level 1 in Translocations
  3628 | D:4      | Found a radiant altar of Vehumet.
  3667 | D:4      | Reached XP level 7. HP: 27/36 MP: 6/17
  3708 | D:4      | Became a worshipper of Vehumet
  3826 | D:4      | Found Xustraecu's Distillery.
  3996 | D:4      | Reached skill level 5 in Dodging
  5150 | D:5      | Entered Level 5 of the Dungeon
  5364 | D:5      | Reached XP level 8. HP: 3/41 MP: 13/20
  5374 | D:5      | Reached skill level 5 in Fire Magic
  6021 | D:5      | Identified the +0 leather armour "Forget-Me-Not" {+Inv rF+
                  | Str+3}
  6275 | D:5      | Reached * piety under Vehumet
  6275 | D:5      | Offered knowledge of Foxfire by Vehumet.
  6469 | D:5      | Learned a level 3 spell: Teleport Other
  6915 | D:6      | Found a bloodstained altar of Trog.
  7454 | D:6      | Reached XP level 9. HP: 45/45 MP: 17/21
  7637 | D:6      | Reached skill level 5 in Translocations
  8385 | D:7      | Found a snail-covered altar of Cheibriados.
  8442 | D:7      | Noticed Dowan
  8464 | D:7      | Noticed Duvessa
  8483 | D:7      | Killed Dowan
  9112 | D:7      | Killed Duvessa
  9723 | D:8      | Noticed Maurice
  9762 | D:8      | Reached ** piety under Vehumet
  9762 | D:8      | Offered knowledge of Freeze by Vehumet.
  9932 | D:8      | Found a shadowy altar of Dithmenos.
 10355 | D:8      | Found a runed translucent gate.
 10741 | D:8      | Found a runed translucent gate.
 10741 | D:8      | Found a runed translucent gate.
 10745 | D:8      | Noticed Brozuf's ghost (novice MfMo)
 10995 | D:9      | Reached XP level 10. HP: 50/50 MP: 20/24
 11039 | D:9      | Reached skill level 10 in Fire Magic
 11135 | D:9      | Noticed a two-headed ogre
 11706 | D:9      | Killed a two-headed ogre
 11776 | D:9      | Found a staircase to the Lair.
 11898 | D:9      | Reached skill level 10 in Conjurations
 12133 | D:9      | Found a hazy altar of Hepliaklqana.
 12163 | D:9      | Offered knowledge of Stone Arrow by Vehumet.
 12607 | D:10     | Entered Level 10 of the Dungeon
 12815 | D:10     | Found a burning altar of Makhleb.
 12817 | D:10     | Found a broken altar of Ashenzari.
 12826 | D:10     | Reached *** piety under Vehumet
 12898 | D:10     | Found a blossoming altar of Fedhas.
 13094 | D:10     | Found a hide-covered altar of Uskayaw.
 13134 | D:10     | Found an ornate altar of the Wu Jian Council.
 13145 | D:10     | Identified the ring "Wociy" {rElec Str+7 Int+6 Dex-2
                  | Slay+2}
 13225 | D:10     | Found a runed translucent gate.
 13227 | D:10     | Found a runed translucent gate.
 13228 | D:10     | Found a runed translucent gate.
 13230 | D:10     | Noticed Tali's ghost (journeyman DsBe)
 13230 | D:10     | Noticed a spectral centaur warrior
 13231 | D:10     | Noticed a spectral centaur warrior
 13280 | D:10     | Offered knowledge of Inner Flame by Vehumet.
 13288 | D:10     | Learned a level 3 spell: Inner Flame
 13288 | D:10     | Identified the +1 leather armour "Vaipec" {Contam rElec
                  | rC+++ Slay-4}
 13628 | D:3      | Bought a ring of see invisible for 165 gold pieces
 13804 | Lair:1   | Entered Level 1 of the Lair of Beasts
 13979 | Lair:1   | Reached skill level 10 in Spellcasting
 14069 | Lair:1   | Reached XP level 11. HP: 47/54 MP: 18/27
 14400 | D:11     | Noticed a vault guard
 14406 | D:11     | Mangled by a vault guard

Illustrated notes

Levels and vault maps discovered:
D:1:      dpeg_arrival_pond, layout_loops_cross
D:2:      layout_loops_ring, uniq_terence, uniq_sigmund
D:3:      layout_loops_cross, mainiacjoe_overflow_alcove_1,
          gammafunk_temple_overflow_statue, serial_shops, nicolae_diamond_shop,
          roderic_nine_men_s_morris, minmay_misc_feat_rugged, uniq_ijyb
D:4:      minmay_polygon_palace, layout_loops_cross, nicolae_vehumet_radiance,
          serial_shops, shop, kennysheep_generic_room_2
D:5:      wad_crossroads, layout_basic
D:6:      layout_basic, trog_book
D:7:      layout_cave_pools, mainiacjoe_overflow_tiny_flanked, uniq_duvessa
D:8:      layout_basic, lemuel_tele_altar, gammafunk_ghost_necromancy,
          uniq_maurice
D:9:      minmay_goldmine, layout_rooms, kennysheep_little_box,
          grunt_lair_entry_orc_guard_hut
D:10:     layout_basic, nicolae_wu_jian_immortal_techniques, fedhas_altar_3,
          nicolae_overflow_hidden_temple, special_room [special_room_orc],
          gammafunk_ghost_necromancy
D:11:     layout_cross, orc_0_dummy, enter_trove_5, gauntlet_entry_generic
Temple:   nicolae_temple_figure_zero
Lair:1:   layout_gridlike, uniq_fannar

Skill      XL: |  1  2  3  4  5  6  7  8  9 10 11 |
---------------+----------------------------------+-----
Dodging        | 3 4 5 |  5.0
Spellcasting   | 4 5 6 7 8 10 | 10.1
Conjurations   | 5 6 7 9 10 11 | 11.0
Fire Magic     | 2 4 7 9 11 | 11.6
Translocations | 1 3 4 5 |  5.0
Stealth        | |  2.4

Action                   |  1- 3 |  4- 6 |  7- 9 | 10-12 || total
-------------------------+-------+-------+-------+-------++-------
Melee: Staff             |       |     4 |       |    22 ||    26
 Cast: Magic Dart        |    36 |    91 |   239 |    68 ||   434
       Searing Ray       |     2 |     9 |    46 |    35 ||    92
       Lesser Beckoning  |       |       |       |     1 ||     1
       Teleport Other    |       |       |       |     1 ||     1
  Use: Potion            |       |     1 |       |       ||     1
       Scroll            |       |       |     4 |    12 ||    16
Armor: Robe              |       |     3 |     7 |       ||    10
       Steam dragon scal |       |       |    14 |     8 ||    22
       Leather armour    |       |       |     4 |       ||     4
Dodge: Dodged            |     1 |    12 |    95 |    61 ||   169
